 Dungeon Crawl Stone Soup version 0.23.2-1-ga50397a (webtiles) character file.

Game seed: 11184985175984311876

261 goulibeur the Distorting Demonspawn (level 5, 0/42 HPs)
             Began as a Demonspawn Abyssal Knight on May 17, 2019.
             Was a Believer of Lugonu.
             Succumbed to a scorpion's poison
             ... on level 3 of the Dungeon.
             The game lasted 00:25:00 (3554 turns).

goulibeur the Distorting Demonspawn (DsAK)          Turns: 3554, Time: 00:25:01

Health: 0/42       AC:  6    Str: 13    XL:     5   Next: 96%
Magic:  9/9        EV: 12    Int: 13    God:    Lugonu [**....]
Gold:   219        SH:  0    Dex: 13    Spells: 4/4 levels left

rFire    . . .     SeeInvis .   a - +1 short sword
rCold    . . .     Gourm    .   (no shield)
rNeg     + . .     Faith    .   g - +0 troll leather armour
rPois    .         Spirit   .   (no helmet)
rElec    .         Reflect  .   q - +0 cloak
rCorr    .         Harm     .   (no gloves)
MR       .....                  o - +0 pair of boots
Stlth    +.........             (no amulet)
HPRegen  0.54/turn              m - ring of positive energy
MPRegen  0.11/turn              (no ring)

@: lethally poisoned (0 -> -9)
A: hooves 1, rot immunity
a: Depart the Abyss, Bend Space, Renounce Religion


You were on level 3 of the Dungeon.
You worshipped Lugonu.
Lugonu was pleased with you.
You were not hungry.

You visited 1 branch of the dungeon, and saw 4 of its levels.
You visited the Abyss 1 time.

You collected 219 gold pieces.

Inventory:

Hand Weapons
 a - a +1 short sword (weapon)
 r - a +0 falchion
Armour
 b - a +0 leather armour
 d - a +0 scale mail
 g - a +0 troll leather armour (worn)
 o - a +0 pair of boots (worn)
 q - a +0 cloak (worn)
Jewellery
 m - a ring of positive energy (left hand)
 y - a cursed -5 ring of protection {unknown}
 z - an uncursed amulet of harm {unknown}
Wands
 v - a wand of disintegration (5)
Scrolls
 l - 3 scrolls of remove curse
 n - a scroll of identify
 s - a scroll of blinking {unknown}
 x - a scroll of immolation {unknown}
Potions
 e - 3 potions of haste
 h - 3 potions of mutation {unknown}
 i - 4 potions of curing {unknown}
 j - 2 potions of lignification {unknown}
 k - 2 potions of agility {unknown}
 p - 2 potions of invisibility {unknown}
 t - 2 potions of berserk rage {unknown}
 u - a potion of ambrosia {unknown}
 w - a potion of resistance {unknown}
Comestibles
 c - 9 rations


   Skills:
 + Level 3.9 Fighting
 - Level 1.7(2.1) Short Blades
 * Level 1.4(1.9) Long Blades
 + Level 2.8 Armour
 + Level 2.2 Dodging
 * Level 5.3 Invocations


You had 4 spell levels left.
You didn't know any spells.
Your spell library was empty.

Dungeon Overview and Level Annotations

Branches:
Dungeon (4/15)
 Temple: D:4-7

Altars:
Ashenzari
Fedhas
Uskayaw


Innate Abilities, Weirdness & Mutations

You have large cloven feet.
You are immune to rotting.


Message History

You closely miss the scorpion.
The scorpion is severely wounded.
You feel sick. The scorpion closely misses you.
You barely miss the scorpion.
The scorpion is severely wounded.
You feel sick. The scorpion stings you.
* * * LOW HITPOINT WARNING * * *
You are more poisoned.
The scorpion poisons you!
You hit the scorpion but do no damage.
The scorpion is severely wounded.
* * * LOW HITPOINT WARNING * * *
You feel sick. The scorpion misses you.
You barely miss the scorpion.
The scorpion is severely wounded.
* * * LOW HITPOINT WARNING * * *
You feel sick. The scorpion closely misses you.
You hit the scorpion.
The scorpion is almost dead.
You die...

##...................##..#.......
...##..#......(............###.##
##.###..............####.#####.##
##.# #...[(........## #)# #....
##.###.##..........# #)####.#.#
##.##..###...#.....# #..#......
.#.##.###.....)....# ###.........
.#........#.....s..###...........
.#....####(.....@............##.#
##..#####..#....................#
...........................(....#
##..#####........................
.#.........###....##............#
.#.............#...##..#........#
.#...........###.#.....##.......#
##..............................#
##...........##..#####.....<.....


You could see a scorpion.

Vanquished Creatures
  A phantom (D:4)
  An orc wizard (D:3)
  4 adders
  9 dart slugs
  6 leopard geckos
  6 orcs
  3 giant cockroaches
  4 goblins
  10 hobgoblins
  5 jackals
  6 kobolds
  2 quokkas
  3 ball pythons
  8 bats
  6 frilled lizards
  6 rats
80 creatures vanquished.

Notes
Turn   | Place    | Note
-------+----------+-------------------------------------------
     0 | Abyss:1  | goulibeur the Demonspawn Abyssal Knight began the quest for
                  | the Orb.
     0 | Abyss:1  | Reached XP level 1. HP: 18/18 MP: 2/2
    50 | Abyss:1  | Noticed a thrashing horror
    51 | D:1      | Escaped the Abyss
    96 | D:1      | Reached skill level 1 in Dodging
   140 | D:1      | Gained mutation: You are immune to rotting. [demonic
                  | ancestry]
   140 | D:1      | Reached XP level 2. HP: 21/24 MP: 4/4
   210 | D:1      | Reached skill level 3 in Invocations
   449 | D:1      | Reached * piety under Lugonu
   625 | D:1      | Reached XP level 3. HP: 21/29 MP: 5/5
  2046 | D:2      | Reached skill level 4 in Invocations
  2046 | D:2      | Reached XP level 4. HP: 29/35 MP: 5/7
  2117 | D:2      | Reached ** piety under Lugonu
  2389 | D:2      | Found a blossoming altar of Fedhas.
  2929 | D:3      | Gained mutation: You have large cloven feet. [demonic
                  | ancestry]
  2929 | D:3      | Reached XP level 5. HP: 25/42 MP: 8/8
  3295 | D:4      | Found a shattered altar of Ashenzari.
  3299 | D:4      | Found a hide-covered altar of Uskayaw.
  3311 | D:4      | Noticed a phantom
  3405 | D:4      | Killed a phantom
  3405 | D:4      | Reached skill level 1 in Long Blades
  3405 | D:4      | Reached skill level 5 in Invocations
  3553 | D:3      | HP: 1/42 [poisoned by a scorpion]
  3554 | D:3      | Succumbed to a scorpion's poison

Skill      XL: |  1  2  3  4  5 |
---------------+----------------+-----
Dodging        | 1 2 |  2.2
Invocations    | 3 4 5 |  5.3
Armour         | 2 |  2.8
Long Blades    | 1 |  1.4
Fighting       | |  3.9
Short Blades   | |  1.7

Action                   |  1- 3 |  4- 6 || total
-------------------------+-------+-------++-------
Melee: Short sword       |   137 |   230 ||   367
Invok: Depart the Abyss  |     1 |       ||     1
  Use: Scroll            |       |     2 ||     2
  Eat: Ration            |     1 |       ||     1
       Chunk             |       |     5 ||     5
Armor: Scale mail        |    35 |       ||    35
       Troll leather arm |    22 |    69 ||    91
Dodge: Dodged            |    83 |   121 ||   204
